 Dungeon Crawl Stone Soup version 0.19-a0-1223-gf83d13a (webtiles) character file.

250 Ijustatesigmund the Sneak (level 6, -13/36 HPs)
             Began as an Octopode Wizard on Aug 24, 2016.
             Killed from afar by Pikel (22 damage)
             ... with a wand of lightning
             ... on level 5 of the Dungeon.
             The game lasted 00:11:42 (4245 turns).

Ijustatesigmund the Sneak (Octopode Wizard)         Turns: 4245, Time: 00:11:45

Health: -13/36     AC:  1    Str:  7    XL:     6   Next: 13%
Magic:  6/10       EV: 13    Int: 21    God:
Gold:   207        SH:  0    Dex: 11    Spells: 4 memorised, 3 levels left

rFire  . . .     SeeInvis .     t - +0 blowgun
rCold  . . .     Gourm    .     (no shield)
rNeg   . . .     Faith    .     a - +0 hat
rPois  .         Spirit   .     p - amulet of rage
rElec  .         Dismiss  .     (no ring)
rCorr  .         Reflect  .     (no ring)
MR     .....     Harm     .     (no ring)
Stlth  ++++......               (no ring)
                                (no ring)
                                (no ring)
                                (no ring)
                                (no ring)

@: repel missiles
A: almost no armour, amphibious, 8 rings, constrict 8, camouflage 1, gelatinous
body 1
a: Evoke Berserk Rage


You were on level 5 of the Dungeon.
You were not hungry.

You visited 1 branch of the dungeon, and saw 5 of its levels.

You collected 207 gold pieces.

Inventory:

Hand Weapons
 f - a +0 short sword
 m - a +1 dagger of venom
 t - a +0 blowgun (weapon)
Missiles
 u - 21 poisoned needles (quivered)
Armour
 a - a +0 hat (worn)
 n - a +0 large shield
Jewellery
 p - an amulet of rage (around mantle)
Scrolls
 r - a scroll of teleportation
Potions
 d - a potion of heal wounds
 e - 3 potions of might
 g - 2 potions of curing
 h - a potion of flight
 i - a potion of agility {unknown}
 o - a potion of degeneration {unknown}
Books
 b - a book of Minor Magic

   Spells                             Type                      Level
   a - Magic Dart                     Conjuration                  1
   b - Blink                          Translocation                2
   c - Call Imp                       Summoning                    2
   d - Repel Missiles                 Charms/Air                   2
   e - Slow                           Hexes                        2
   f - Conjure Flame                  Conjuration/Fire             3
   g - Mephitic Cloud                 Conjuration/Poison/Air       3
Comestibles
 c - 4 bread rations
 j - a meat ration
 k - a slice of pizza
 l - 5 fruits


   Skills:
 + Level 1.7 Throwing
 - Level 2.0 Dodging
 - Level 4.0 Stealth
 - Level 3.0 Spellcasting
 - Level 4.0 Conjurations
   Level 1.0 Summonings
 - Level 2.3 Translocations
 - Level 1.8 Fire Magic


You had 3 spell levels left.
You knew the following spells:

 Your Spells              Type           Power        Failure   Level  Hunger
a - Magic Dart            Conj           ###.         2%          1    None
b - Blink                 Tloc           N/A          10%         2    ##.....
c - Repel Missiles        Chrm/Air       #.....       21%         2    ##.....
d - Conjure Flame         Conj/Fire      ###.....     14%         3    ###....


Dungeon Overview and Level Annotations

Branches:
Dungeon (5/15)
 Temple: D:4-7

Altars:

Annotations:
D:5 Pikel


Innate Abilities, Weirdness & Mutations

You cannot wear most types of armour.
You are amphibious.
You can wear up to eight rings at the same time.
You can use your tentacles to constrict eight enemies at once.
Your skin changes colour to match your surroundings (Stealth+).
Your rubbery body absorbs attacks. (AC +1, EV +1)


Message History

You constrict the crimson imp.
The crimson imp blinks free!
You aren't carrying any items that you can evoke.
Unknown command.
Casting: Magic Dart
Confirm with . or Enter, or press ? or * to list all spells.
Okay, then.
Casting: Magic Dart
Confirm with . or Enter, or press ? or * to list all spells.
Aiming: Conjure Flame
Press: ? - help, Dir - move target cursor The fire roars!
Wield which item (- for none, * to show all)? (? for menu, Esc to quit)
Your +1 dagger of venom stops dripping with poison.
t - a +0 blowgun (weapon)
Pikel zaps a wand.
The bolt of lightning hits you!
Ouch! That really hurt!
* * * LOW HITPOINT WARNING * * *
The bolt of lightning hits you!
Ouch! That really hurt!
You die...

#.########
#.........
#..#######
#..# #..#
#..#
#..######
#.......#
##.####@#
#.# #.#
#.# #ยง#
#.# #K#
#..


ppp ### ### #.. ... #... #.. ...# ... #(.# #.# You could see Pikel and 3 slaves.

Vanquished Creatures
  A hound (D:5)
  A jelly (D:5)
  Jessica (D:2)
  9 adders
  2 worms
  2 giant geckos
  7 orcs
  2 ball pythons
  3 bats
  9 giant cockroaches
  7 goblins
  6 hobgoblins
  3 quokkas (D:3)
  A ball python skeleton (D:3)
  5 giant newts
  10 kobolds
  A quokka zombie (D:5)
  6 rats
76 creatures vanquished.

Notes
Turn   | Place    | Note
-------+----------+-------------------------------------------
     0 | D:1      | Ijustatesigmund the Octopode Wizard began the quest for the Orb.
     0 | D:1      | Reached XP level 1. HP: 11/11 MP: 4/4
   278 | D:1      | Reached XP level 2. HP: 12/17 MP: 1/6
   282 | D:1      | Learned a level 2 spell: Blink
   285 | D:1      | Learned a level 2 spell: Repel Missiles
   872 | D:1      | Reached XP level 3. HP: 21/21 MP: 4/7
  1213 | D:2      | Noticed Jessica
  1217 | D:2      | Killed Jessica
  1414 | D:2      | Reached XP level 4. HP: 27/27 MP: 4/8
  1453 | D:2      | Learned a level 3 spell: Conjure Flame
  1907 | D:2      | Reached skill level 1 in Fire Magic
  2464 | D:3      | Reached XP level 5. HP: 26/31 MP: 2/9
  3836 | D:4      | Noticed an ogre
  3848 | D:4      | Noticed a phantom
  3922 | D:5      | Entered Level 5 of the Dungeon
  4009 | D:5      | Reached skill level 1 in Throwing
  4009 | D:5      | Reached XP level 6. HP: 25/36 MP: 5/10
  4228 | D:5      | Noticed Pikel
  4231 | D:5      | Noticed a slave
  4232 | D:5      | Noticed a slave
  4237 | D:5      | Noticed a slave
  4245 | D:5      | Killed from afar by Pikel

Vault maps used:
D:1:      lemuel_arrival_rhombus
D:2:      minmay_misc_feat_secret_circle, uniq_jessica
D:3:      amethyst_killhole
D:4:      serial_shops, nicolae_shop_behind_doors, uniq_eustachio
D:5:      first_bread, makhleb_altar_promises_db, uniq_pikel

Skill      XL: |  1  2  3  4  5 |
---------------+----------------+-----
Stealth        | 3 4 |  4.0
Conjurations   | 2 3 4 |  4.0
Fire Magic     | 1 |  1.8
Translocations | 2 |  2.3
Throwing       | 1 |  1.7
Dodging        | |  2.0
Spellcasting   | |  3.0
Summonings     | |  1.0

Action                   |  1- 3 |  4- 6 || total
-------------------------+-------+-------++-------
Melee: Dagger            |    29 |    44 ||    73
       Constrict         |     7 |    13 ||    20
       Tentacles         |     4 |     9 ||    13
       Short sword       |     7 |    13 ||    20
 Fire: Blowgun           |       |     5 ||     5
 Cast: Magic Dart        |    40 |   114 ||   154
       Repel Missiles    |     1 |       ||     1
       Conjure Flame     |       |     1 ||     1
  Use: Scroll            |     1 |     6 ||     7
       Potion            |       |     1 ||     1
 Stab: Sleeping          |     1 |     3 ||     4
  Eat: Chunk             |     2 |     8 ||    10
Armor: Skin              |     9 |     4 ||    13
Dodge: Dodged            |    25 |    44 ||    69
